 Dungeon Crawl Stone Soup version 0.19-a0-1007-g133f65f (webtiles) character file.

10177 Leszczynek the Bludgeoner (level 11, -7/118 HPs)
             Began as an Ogre Venom Mage on July 22, 2016.
             Was a Priest of Trog.
             Mangled by an eight-headed hydra (17 damage)
             ... on level 2 of the Lair of Beasts.
             The game lasted 00:49:22 (12098 turns).

Leszczynek the Bludgeoner (Ogre Venom Mage)        Turns: 12098, Time: 00:49:23

Health: -7/118     AC:  0    Str: 18    XL:     11   Next: 58%
Magic:  2/14       EV: 22    Int: 14    God:    Trog [***...]
Gold:   504        SH:  0    Dex: 10    Spells: 0 memorised, 14 levels left

rFire  . . .     SeeInvis .     (weapon currently unavailable)
rCold  . . .     Gourm    .     (armour currently unavailable)
rNeg   . . .     Faith    .     (shield currently unavailable)
rPois  .         Spirit   .     (helmet currently unavailable)
rElec  .         Dismiss  .     (cloak currently unavailable)
rCorr  .         Reflect  .     (gloves unavailable)
SustAt .         Harm     .     (boots unavailable)
MR     +....                    (amulet currently unavailable)
Stlth  ++........               (ring currently unavailable)
                                (ring currently unavailable)

@: porcupine-form, quick, somewhat resistant to hostile enchantments, unstealthy
A: unfitting armour, (tough skin 0)
a: Berserk, Trog's Hand, Burn Spellbooks, Renounce Religion


You were on level 2 of the Lair of Beasts.
You worshipped Trog.
Trog was most pleased with you.
You were hungry.
You were a spiny porcupine.
You visited 3 branches of the dungeon, and saw 13 of its levels.
You visited the Abyss 1 time.

You collected 504 gold pieces.

Inventory:

Hand Weapons
 a - a +0 giant spiked club
 b - a +7 blowgun
 c - a +1 demon whip of electrocution (melded)
Missiles
 k - 86 sling bullets
 m - a throwing net (quivered)
 p - 10 curare-tipped needles
Armour
 e - a +0 robe (melded)
 s - a +1 cloak (melded)
Jewellery
 g - an uncursed ring of ice
 C - an amulet of guardian spirit (melded)
Wands
 f - a wand of acid (10/15)
 h - a wand of polymorph (2/24)
 l - a wand of flame (19/48)
 q - a wand of flame (26/48)
Scrolls
 d - 2 scrolls of identify
 x - 3 scrolls of remove curse
Potions
 i - a potion of degeneration {unknown}
 j - 3 potions of cure mutation
 n - a potion of agility
 u - 2 potions of brilliance
 v - a potion of cancellation
 z - a potion of flight
Books
 w - a book of Callings

   Spells                             Type                      Level
   a - Summon Small Mammal            Summoning                    1
   b - Call Imp                       Summoning                    2
   c - Call Canine Familiar           Summoning                    3
   d - Summon Guardian Golem          Hexes/Summoning              3
   e - Summon Lightning Spire         Summoning/Air                4
   f - Summon Ice Beast               Ice/Summoning                4
   Trog disapproves of the use of such an item.
Comestibles
 o - 3 slices of pizza
 t - 3 meat rations
 y - 9 bread rations


   Skills:
 - Level 10.2 Fighting
 + Level 15.2 Maces & Flails
 * Level 7.3 Throwing
 + Level 6.7 Dodging
 - Level 1.5 Stealth
 - Level 2.4 Spellcasting
   Level 2.9 Poison Magic


You had 14 spell levels left.
You didn't know any spells.

Dungeon Overview and Level Annotations

Branches:
Dungeon (10/15)            Temple (1/1) D:5            Lair (2/6) D:9
  Swamp: Lair:2-4    Shoals: Lair:2-4     Snake: Lair:2-4    Spider: Lair:2-4
    Orc: D:9-12

Altars:
Ashenzari
Cheibriados
Dithmenos
Elyvilon
Fedhas
Gozag
Hepliaklqana
Kikubaaqudgha
Nemelex Xobeh
Okawaru
Pakellas
Qazlal
Ru
Sif Muna
Trog
Uskayaw
Vehumet
Xom
Yredelemnul
Zin
The Shining One

Shops:
D:7 =

Annotations:
D:8 Erica
Lair:1 exclusion: hydra


Innate Abilities, Weirdness & Mutations

You are too large for most types of armour.
((You have tough skin. (AC +1)))


Message History

Unknown command.
Evoke which item? (* to show all) (? for menu, Esc to quit)
Zapping:
h - a wand of polymorph {zapped: 6} (will waste charges)
Press: ? - help, Shift-Dir - straight line, f - you Really target yourself?
You turn into a spiny porcupine.
Your +1 demon whip of electrocution melds into your body.
Your +1 cloak melds into your body.
Your +0 robe melds into your body.
Your amulet of guardian spirit melds into your body.
Your +1 demon whip of electrocution stops crackling.
Evoking this partially-identified wand wasted a few charges.
The fire elemental hits you.
* * * LOW HITPOINT WARNING * * *
The fire elemental burns you!
* * * LOW HITPOINT WARNING * * *
The fire elemental closely misses you.
The eight-headed hydra closely misses you.
The eight-headed hydra completely misses you.
The eight-headed hydra bites you!
You die...

.... ... ...
#..## .
#..##....###
..##.......[...
...............
.........>.....
...............
P.....PDE§§§≈E.
.....P.r§###≈§.
........≈≈#
......P.≈≈#
......#.≈#§§
....##..≈§§§≈
.P.. ..≈≈§§§..
... #.§≈≈≈≈..
.. ..r......


You could see an eight-headed hydra, a fire elemental and a porcupine.

Vanquished Creatures
  Fannar (Lair:1)
  A hill giant (D:10)
  An orange demon (Abyss:2)
  2 komodo dragons (Lair:1)
  A troll (D:10)
  A polar bear (Lair:1)
  5 blink frogs (Lair:1)
  Prince Ribbit (D:8)
  A spriggan (D:8)
  5 yaks (Lair:1)
  8 hippogriffs
  2 water moccasins (Lair:1)
  3 ice beasts
  3 sky beasts
  2 necrophages
  An orc warrior (D:7)
  2 wasps
  2 ogres
  2 centaurs
  A crocodile (Lair:1)
  5 big kobolds
  A wyvern zombie (D:7)
  A small abomination (Abyss:2)
  6 giant frogs
  A water moccasin zombie (D:10)
  A scorpion (D:8)
  17 killer bees
  A jelly (D:10)
  4 howler monkeys
  5 crimson imps
  A quasit (D:7)
  A giant frog zombie (D:9)
  A hound (D:6)
  2 orc priests (D:7)
  2 centaur skeletons (D:7)
  2 giant frog skeletons
  5 iguanas
  8 orc wizards
  5 worker ants
  A howler monkey zombie (D:6)
  A worker ant zombie (D:6)
  4 gnolls (D:9)
  6 adders
  23 river rats (Lair:1)
  A shadow imp (D:5)
  An ooze (D:3)
  An adder skeleton (D:4)
  2 dart slugs
  5 giant geckos
  19 orcs
  3 ball pythons
  13 giant cockroaches
  4 goblins (D:1)
  3 hobgoblins
  6 jackals
  6 quokkas
  5 bats
  A giant cockroach zombie (D:5)
  A giant gecko zombie (D:5)
  8 giant newts
  22 kobolds
  A quokka skeleton (D:7)
  A quokka zombie (D:7)
  6 rats
  A fungus (Lair:1)
259 creatures vanquished.

Vanquished Creatures (others)
  A warg (D:6)
  A fungus (Lair:1)
  2 plants (Lair:1)
4 creatures vanquished.

Grand Total: 263 creatures vanquished

Notes
Turn   | Place    | Note
-------+----------+-------------------------------------------
     0 | D:1      | Leszczynek the Ogre Venom Mage began the quest for the Orb.
     0 | D:1      | Reached XP level 1. HP: 16/16 MP: 3/3
    37 | D:1      | Reached skill level 1 in Fighting
    71 | D:2      | Reached skill level 1 in Maces & Flails
   148 | D:2      | Reached XP level 2. HP: 28/28 MP: 3/5
   389 | D:1      | Reached skill level 2 in Fighting
   440 | D:1      | Reached skill level 2 in Maces & Flails
   590 | D:1      | Reached XP level 3. HP: 35/35 MP: 3/6
   702 | D:2      | Reached skill level 3 in Maces & Flails
   729 | D:2      | Found an opulent altar of Gozag.
   979 | D:3      | Found a glowing silver altar of Zin.
  1019 | D:3      | Found a white marble altar of Elyvilon.
  1097 | D:3      | Reached skill level 4 in Maces & Flails
  1097 | D:3      | Reached XP level 4. HP: 41/42 MP: 0/7
  1247 | D:3      | Found a hide-covered altar of Uskayaw.
  1571 | D:4      | Reached skill level 5 in Maces & Flails
  1932 | D:5      | Entered Level 5 of the Dungeon
  1975 | D:5      | xl4 in d:5
  1975 | D:5      | what the fuck
  2002 | D:5      | Reached XP level 5. HP: 41/49 MP: 0/8
  2019 | D:5      | Found a shattered altar of Ashenzari.
  2645 | D:5      | Reached skill level 6 in Maces & Flails
  2990 | D:5      | HP: 4/49 [iguana (10)]
  2996 | D:5      | Reached skill level 7 in Maces & Flails
  2996 | D:5      | Reached XP level 6. HP: 5/57 MP: 5/9
  3237 | D:5      | Reached skill level 8 in Maces & Flails
  3551 | D:5      | Found a staircase to the Ecumenical Temple.
  3560 | Temple   | Entered the Ecumenical Temple
  3831 | D:6      | Found an oddly glowing altar of Pakellas.
  3831 | D:6      | Noticed a warg
  3841 | D:6      | Killed a warg
  3943 | D:6      | Reached skill level 9 in Maces & Flails
  3943 | D:6      | Reached XP level 7. HP: 66/66 MP: 7/10
  4006 | D:6      | Found a deep blue altar of Sif Muna.
  4218 | D:6      | Reached skill level 10 in Maces & Flails
  4288 | D:6      | Reached skill level 3 in Fighting
  4318 | D:6      | Reached XP level 8. HP: 72/75 MP: 11/11
  4330 | D:6      | You fall through a shaft!
  4439 | Temple   | Became a worshipper of Trog the Wrathful
  4744 | D:7      | Reached skill level 4 in Fighting
  4744 | D:7      | Reached skill level 11 in Maces & Flails
  5152 | D:7      | Reached skill level 5 in Fighting
  5214 | D:7      | Found Irepsiym's Jewellery Shoppe.
  5417 | D:7      | Reached skill level 12 in Maces & Flails
  5521 | D:7      | Found a shadowy altar of Dithmenos.
  5542 | D:7      | HP: 3/83 [wyvern zombie (7)]
  5644 | D:7      | no, fuck this
  5644 | D:7      | i'm playing normally
  6061 | D:7      | Reached skill level 6 in Fighting
  6061 | D:7      | Reached XP level 9. HP: 68/89 MP: 12/12
  6376 | D:8      | Found a snail-covered altar of Cheibriados.
  6432 | D:8      | Found a hazy altar of Hepliaklqana.
  6510 | D:8      | Reached skill level 13 in Maces & Flails
  6529 | D:8      | Reached skill level 2 in Dodging
  6923 | D:8      | Reached skill level 7 in Fighting
  6978 | D:8      | Reached * piety under Trog
  7013 | D:8      | Noticed Prince Ribbit
  7052 | D:8      | Killed Prince Ribbit
  7052 | D:8      | Reached skill level 3 in Dodging
  7162 | D:8      | Noticed Erica
  7595 | D:9      | Reached skill level 14 in Maces & Flails
  7755 | D:9      | Reached skill level 1 in Throwing
  7943 | D:9      | Reached skill level 8 in Fighting
  7943 | D:9      | Reached XP level 10. HP: 88/104 MP: 13/13
  7985 | D:9      | Reached skill level 4 in Dodging
  8020 | D:9      | Reached ** piety under Trog
  8191 | D:9      | Found a staircase to the Lair.
  8525 | D:9      | Reached skill level 2 in Throwing
  8648 | D:10     | Entered Level 10 of the Dungeon
  8745 | D:10     | Found an opulent altar of Gozag.
  9028 | D:10     | Noticed a five-headed hydra
  9128 | D:10     | Reached skill level 15 in Maces & Flails
  9201 | D:10     | Reached skill level 5 in Dodging
  9703 | D:10     | Noticed a hill giant
  9723 | D:10     | Killed a hill giant
  9723 | D:10     | Reached skill level 3 in Throwing
  9849 | D:10     | Reached skill level 9 in Fighting
  9857 | D:10     | Reached *** piety under Trog
  9891 | D:10     | Reached skill level 4 in Throwing
 10350 | Lair:1   | Entered Level 1 of the Lair of Beasts
 10575 | Lair:1   | Reached skill level 5 in Throwing
 10575 | Lair:1   | Reached XP level 11. HP: 105/115 MP: 12/14
 10749 | Lair:1   | Noticed Sonja
 10753 | Lair:1   | Noticed Sonja
 10753 | Lair:1   | Sonja changed into Sonja the polar bear
 10760 | Lair:1   | Killed Sonja the polar bear
 10760 | Lair:1   | Reached skill level 6 in Dodging
 10825 | Lair:1   | Noticed Fannar
 10831 | Lair:1   | Cast into level 2 of the Abyss (Fannar)
 10832 | Abyss:2  | wow
 10832 | Abyss:2  | i didn't even look
 10832 | Abyss:2  | he had distortion
 10832 | Abyss:2  | fannar
 10832 | Abyss:2  | with distortion
 10832 | Abyss:2  | really
 10832 | Abyss:2  | well i'm fucked
 10918 | Lair:1   | Escaped the Abyss
 10975 | Lair:1   | Killed Fannar
 10975 | Lair:1   | Reached skill level 10 in Fighting
 10975 | Lair:1   | Reached skill level 6 in Throwing
 11010 | Lair:1   | HP: 9/117 [blink frog (13)]
 11037 | Lair:1   | HP: 7/117 [blink frog (11)]
 11612 | Lair:1   | Noticed a seven-headed hydra
 11761 | Lair:1   | Reached skill level 7 in Throwing
 12096 | Lair:2   | Noticed an eight-headed hydra
 12098 | Lair:2   | HP: 10/118 [fire elemental (9)]
 12098 | Lair:2   | Mangled by an eight-headed hydra

Vault maps used:
D:1:      dpeg_arrival_simpleton_b
D:2:      overflow_temple_1_default, nicolae_qazlal_general_emergency
D:3:      minmay_roachtagon, elyvilon_altar_4, nicolae_overflow_hidden_temple,
          lemuel_doored_altar, first_bread
D:4:      overflow_temple_1_default, minmay_goblin_kobold_house
D:5:      nicolae_ashenzari_panopticon, minmay_lizard_king
D:6:      old_standard_altar, gammafunk_pakellas_its_alive
D:7:      nicolae_dithmenos_shadow_blocks, serial_shops, kennysheep_little_box
D:8:      kennysheep_mini, minmay_misc_feat_cross, grunt_pizzeria,
          lemuel_statue_altar, uniq_erica, uniq_prince_ribbit1
D:9:      lair_0_dummy, st_stairs_8, serial_park_tiny_pond
D:10:     grunt_gozag_statues
Temple:   nicolae_temple_figure_eight
Lair:1:   st_stairs_5, grunt_forest_large_clearing_hut, uniq_fannar, uniq_sonja
Lair:2:   lemuel_slime

Skill      XL: |  1  2  3  4  5  6  7  8  9 10 11 |
---------------+----------------------------------+-----
Fighting       | 1 2 3 6 8 9 10 | 10.2
Maces & Flails | 1 2 4 5 7 9 10 12 14 15 | 15.2
Dodging        | 3 5 6 |  6.7
Throwing       | 1 5 7 |  7.3
Stealth        | |  1.5
Spellcasting   | |  2.4
Poison Magic   | |  2.9

Action                   |  1- 3 |  4- 6 |  7- 9 | 10-12 || total
-------------------------+-------+-------+-------+-------++-------
Melee: Club              |    27 |   278 |    10 |       ||   315
       Short sword       |    36 |    65 |       |       ||   101
       Giant club        |       |       |   339 |    70 ||   409
       Demon whip        |       |       |       |   277 ||   277
       Giant spiked club |       |       |       |     3 ||     3
 Fire: Blowgun           |       |       |       |    16 ||    16
Throw: Throwing net      |       |       |       |     1 ||     1
 Cast: Sting             |    55 |    63 |       |       ||   118
Invok: Burn Spellbooks   |       |       |     1 |       ||     1
       Berserk           |       |       |     3 |     7 ||    10
       Trog's Hand       |       |       |       |     5 ||     5
Evoke: Wand              |       |       |       |     4 ||     4
  Use: Potion            |     2 |     7 |     1 |     7 ||    17
       Scroll            |       |    18 |     7 |     4 ||    29
 Stab: Invisible         |       |     1 |       |       ||     1
       Sleeping          |       |       |     1 |       ||     1
       Distracted        |       |       |     1 |       ||     1
  Eat: Chunk             |     2 |     9 |    13 |    14 ||    38
       Beef jerky        |       |     1 |     1 |       ||     2
       Pizza             |       |     1 |     3 |     5 ||     9
Armor: Robe              |    36 |    80 |   142 |    56 ||   314
       Skin              |       |   107 |     7 |       ||   114
Dodge: Dodged            |    72 |   165 |   193 |   173 ||   603
